 Dungeon Crawl Stone Soup version 0.14-a0-1811-gdc2d5af (webtiles) character file.

216 Jenx the Ruinous (level 5, 0/28 HPs)
             Began as a Deep Elf Fire Elementalist on Jan 8, 2014.
             Slain by mopl's ghost (8 damage)
             ... on Level 3 of the Dungeon.
             The game lasted 00:16:32 (3226 turns).

Jenx the Ruinous (Deep Elf Fire Elementalist)       Turns: 3226, Time: 00:16:32

HP   0/28        AC  2     Str  5      XL: 5   Next: 23%
MP  16/16        EV 13     Int 21      God:
Gold 48          SH  0     Dex 15      Spells:  3 memorised,  4 levels left

rFire  . . .     SeeInvis .     h - +4,+1 dwarf dagger
rCold  . . .     Clarity  .     a - +0 elf robe
rNeg   . . .     Conserve .     (no shield)
rPois  .         rCorr    .     (no helmet)
rElec  .         rRot     .     (no cloak)
SustAb . .       Spirit   .     (no gloves)
rMut   .         Warding  .     (no boots)
Saprov . . .     Stasis   .     (no amulet)
                                (no ring)
                                (no ring)

@: slightly resistant to hostile enchantments, fairly stealthy
A: no striking features
a: no special abilities


You were on level 3 of the Dungeon.
You were hungry.

You visited 1 branch of the dungeon, and saw 3 of its levels.

You collected 48 gold pieces.

Inventory:

Hand weapons
 h - a +4,+1 dwarven dagger (weapon)
Missiles
 d - 29 poisoned needles
 o - 5 javelins (quivered)
Armour
 a - a +0 elven robe (worn)
Comestibles
 c - 2 bread rations
 i - 3 rotting chunks of gnoll flesh
 x - 4 rotting chunks of orc flesh
Scrolls
 e - 2 scrolls of enchant armour
 f - 2 scrolls of recharging
 l - a scroll of random uselessness {unknown}
 n - a scroll of fear {unknown}
 t - 2 scrolls of enchant weapon I {unknown}
 v - 2 scrolls of identify
Potions
 g - a potion of curing
 k - a potion of magic {unknown}
 m - a potion of heal wounds {unknown}
 p - a potion of might {unknown}
 q - a potion of agility {unknown}
 r - 2 potions of degeneration {unknown}
 u - a potion of invisibility {unknown}
 w - a potion of poison {unknown}
Books
 b - a book of Flames

   Spells                             Type                      Level
   *Flame Tongue                      Conjuration/Fire             1
   *Throw Flame                       Conjuration/Fire             2
   *Conjure Flame                     Conjuration/Fire             3
   Inner Flame                        Hexes/Fire                   3
   Sticky Flame                       Conjuration/Fire             4
   Fireball                           Conjuration/Fire             5


   Skills:
 - Level 2.4 Dodging
 - Level 2.4 Stealth
 - Level 3.0 Spellcasting
 * Level 5.7 Conjurations
 - Level 3.2 Fire Magic


You had 4 spell levels left.
You knew the following spells:

 Your Spells              Type           Power        Failure   Level  Hunger
a - Flame Tongue          Conj/Fire      ###..        1%          1    None
b - Throw Flame           Conj/Fire      ###...       3%          2    ##.....
c - Conjure Flame         Conj/Fire      ###.....     10%         3    ###....


Dungeon Overview and Level Annotations

Branches:
Dungeon (3/16)

Altars:
Xom

Annotations:
D:3 mopl's ghost, average KoBe


Message History

Your magical contamination has completely faded away.
Read which item? (? for menu, Esc to quit)
As you read the scroll labeled IBUPEMAFUPH, it crumbles to dust.
Use on which item? (\ to view known items) (? for menu, Esc to quit)
f - 2 scrolls of recharging It was a scroll of identify.
You have identified the last targeted scroll.
Mopl's ghost barely misses you.
You aren't carrying any items that can be evoked.
Unknown command.
Mopl's ghost screams, "You will join me soon!"
There is an open door here.
There is an open door here.
Mopl's ghost yells, "Who would have thought, even in death it is a pleasure to sever!"
Some of the chunks of flesh in your inventory have completely rotted away.
Mopl's ghost hits you.
* * * LOW HITPOINT WARNING * * *
The kobold closely misses you. Mopl's ghost hits you!
You die...

#######'####........###
# #.# #.######.# # #.#
#.# #.# # #'#
#.######'### # ...
#..........# ######
######.....# #.....#
#### #.....# #.....#
.).# #######.#'### #
#.....# ##.#
#.....@.#.# #.#.....#
.#.# #....pK..<#
#.#.....# ##p#
#.......### #.......#
##.# ... #.......#
#.....# ...#
...##.......#
#####.....# #### ...
#.......# #..........
..# ... #########
#.......... #(# #.#
#.......... #p# #.#
#..........


You could see mopl's ghost and a kobold.

Vanquished Creatures
  5 adders
  3 gnolls
  2 worms
  An inept feature mimic (D:3)
  2 giant geckos
  6 orcs (D:3)
  A ball python (D:1)
  5 bats
  8 hobgoblins
  7 jackals
  A quokka (D:2)
  6 giant cockroaches
  4 giant newts
  8 goblins
  6 kobolds
  3 rats
68 creatures vanquished.

Notes
Turn   | Place    | Note
--------------------------------------------------------------
     0 | D:1      | Jenx, the Deep Elf Fire Elementalist, began the quest for the Orb.
     0 | D:1      | Reached XP level 1. HP: 10/10 MP: 5/5
    96 | D:1      | Found a shimmering altar of Xom.
    96 | D:1      | Found a shimmering altar of Xom.
    97 | D:1      | Found a shimmering altar of Xom.
    98 | D:1      | Found a shimmering altar of Xom.
   338 | D:1      | Reached XP level 2. HP: 12/15 MP: 6/8
   350 | D:1      | Learned a level 2 spell: Throw Flame
   918 | D:2      | Reached XP level 3. HP: 19/19 MP: 10/10
  1026 | D:2      | Learned a level 3 spell: Conjure Flame
  1590 | D:3      | Noticed mopl's ghost (average KoBe)
  1657 | D:2      | Reached skill level 4 in Conjurations
  1859 | D:3      | Reached XP level 4. HP: 24/24 MP: 2/13
  2428 | D:3      | Reached skill level 5 in Conjurations
  2826 | D:3      | Reached XP level 5. HP: 28/28 MP: 9/16
  3226 | D:3      | Slain by mopl's ghost

Action                   |  1- 3 |  4- 6 || total
-------------------------+-------+-------++-------
Melee: Dagger            |    22 |     6 ||    28
Throw: Javelin           |     6 |       ||     6
 Cast: Flame Tongue      |    62 |    59 ||   121
       Throw Flame       |    16 |    15 ||    31
  Use: Scroll            |       |     2 ||     2
       Potion            |       |     2 ||     2
